 Dungeon Crawl Stone Soup version 0.25.1-2-g60ff931 (webtiles) character file.

Game seed: 13658738276669115075

1475 CageOfCrows the Carver (level 8, -1/70 HPs)
             Began as a Minotaur Berserker on Aug 12, 2020.
             Was a Priest of Trog.
             Slain by an orc warrior
             ... wielding a +0 trident
              (13 damage)
             ... on level 6 of the Dungeon on Aug 13, 2020.
             The game lasted 00:35:38 (4919 turns).

CageOfCrows the Carver (Minotaur Berserker)         Turns: 4919, Time: 00:35:38

Health: -1/70      AC: 11    Str: 23    XL:     8   Next: 49%
Magic:  7/7        EV: 11    Int:  4    God:    Trog [***...]
Gold:   155        SH:  0    Dex: 17    Spells: 7/7 levels left

rFire    . . .     SeeInvis .   a - +0 falchion
rCold    . . .     Gourm    .   (no shield)
rNeg     . . .     Faith    .   t - +0 chain mail
rPois    .         Spirit   .   (helmet restricted)
rElec    .         Reflect  .   (no cloak)
rCorr    +         Harm     .   (no gloves)
MR       ++...                  k - +0 pair of boots
Stlth    ..........             (no amulet)
HPRegen  1.21/turn              i - +6 ring of dexterity
MPRegen  0.10/turn              w - ring of resist corrosion

@: berserk cooldown, regenerating
A: retaliatory headbutt, horns 2
a: Berserk, Trog's Hand, Renounce Religion


You were on level 6 of the Dungeon.
You worshipped Trog.
Trog was most pleased with you.
You were hungry.

You visited 2 branches of the dungeon, and saw 7 of its levels.

You collected 246 gold pieces.
You spent 91 gold pieces at shops.

Inventory:

Hand Weapons
 a - a +0 falchion (weapon)
 v - a +0 antimagic dagger
 B - a +0 giant spiked club
Armour
 k - a +0 pair of boots (worn)
 t - a +0 chain mail (worn)
Jewellery
 i - a +6 ring of dexterity (left hand)
 w - a ring of resist corrosion (right hand)
Wands
 y - a wand of paralysis (8)
 A - a wand of flame (18)
 D - a wand of polymorph (5)
Scrolls
 b - 2 scrolls of random uselessness {unknown}
 d - a scroll of fear {unknown}
 e - 4 scrolls of enchant weapon
 g - 8 scrolls of identify
 l - a scroll of immolation {unknown}
 o - 2 scrolls of blinking {unknown}
 p - a scroll of teleportation {unknown}
 r - 2 scrolls of enchant armour
 s - a scroll of amnesia {unknown}
 x - a scroll of magic mapping {unknown}
 z - a scroll of noise {unknown}
Potions
 f - a potion of might {unknown}
 h - 3 potions of curing {unknown}
 j - 3 potions of flight {unknown}
 m - a potion of experience {unknown}
 n - 2 potions of mutation {unknown}
 q - a potion of cancellation {unknown}
 u - a potion of stabbing {unknown}
 E - a potion of degeneration {unknown}
Comestibles
 c - 3 rations
 C - a chunk of flesh


   Skills:
 + Level 6.3 Fighting
 + Level 9.2 Long Blades
 + Level 6.3 Armour
 + Level 4.4 Dodging
 + Level 1.9 Stealth


You had 7 spell levels left.
You didn't know any spells.
Your spell library was empty.

Dungeon Overview and Level Annotations

Branches:
Dungeon (6/15)             Temple (1/1) D:5

Altars:
Ashenzari
Cheibriados
Dithmenos
Elyvilon
Fedhas
Gozag
Hepliaklqana
Kikubaaqudgha
Makhleb
Nemelex Xobeh
Okawaru
Qazlal
Ru
Sif Muna
Trog
Uskayaw
Vehumet
Wu Jian
Xom
Yredelemnul
Zin
The Shining One

Shops:
D:6 *=(}

Annotations:
D:2 Robin


Innate Abilities, Weirdness & Mutations

You reflexively headbutt those who attack you in melee.
You have a pair of horns on your head.


Message History

The orc barely misses you.
Okay, then.
You feel yourself speed up.
The orc warrior hits you from afar with a +0 trident.
* * * LOW HITPOINT WARNING * * *
Unknown command.
A centaur comes into view.
The centaur shouts!
The centaur wields a +0 shortbow.
The centaur shoots an arrow.
The arrow closely misses you.
You see here an arrow.
The centaur shoots an arrow.
The arrow hits you.
* * * LOW HITPOINT WARNING * * *
The centaur shoots an arrow.
The arrow hits you.
* * * LOW HITPOINT WARNING * * *
You see here 2 arrows.
The centaur shoots an arrow.
The arrow hits you.
* * * LOW HITPOINT WARNING * * *
The orc warrior hits you with a +0 trident!
You die...

#......≈≈≈≈≈≈ ≈≈≈≈≈≈.
#......≈≈≈≈≈≈ ≈≈≈≈≈≈.
#......≈≈≈≈≈≈ ≈≈≈≈≈≈.
#.....(≈≈≈≈c. .≈≈≈≈≈.
#......≈≈≈≈≈. .≈≈≈≈≈.
#......≈≈≈≈≈. .≈≈≈≈≈.
###).....≈≈≈≈≈≈ ≈≈≈≈≈≈.
#......(.≈≈≈≈≈≈≈≈≈≈≈≈≈.
#...##@#.≈≈≈≈≈≈≈≈≈≈≈≈≈.
#...##o#.≈≈≈≈≈≈≈≈≈≈≈≈≈.
#.o.##.#.≈≈≈≈≈≈≈≈≈≈≈≈≈.
#...##.#......#.###..#.
#....o.#.####..........
##...8.................
#.#.<.#........# ###..
#.8.∩.8.##.##.## #..
###...####.....# #..


You could see an orc warrior, a centaur and an orc.

Vanquished Creatures
  Eustachio (D:4)
  Duvessa (D:4)
  3 ogres
  A centaur (D:5)
  A bullfrog (D:6)
  Dowan (D:4)
  A scorpion (D:4)
  3 howler monkeys
  A crimson imp (D:6)
  A centaur zombie (D:5)
  2 hounds
  A centaur skeleton (D:6)
  4 jellies (D:5)
  An iguana (D:5)
  Natasha (thrice) (D:4)
  An orc wizard (D:6)
  2 worker ants
  4 adders
  A shadow imp (D:5)
  3 oozes
  An adder skeleton (D:6)
  4 worms
  A dart slug (D:3)
  2 leopard geckos
  9 orcs
  5 giant cockroaches
  13 goblins
  3 hobgoblins
  13 jackals
  2 quokkas (D:3)
  A ball python (D:3)
  5 bats (D:1)
  9 frilled lizards
  6 kobolds
  7 rats
117 creatures vanquished.

Notes
Turn   | Place    | Note
-------+----------+-------------------------------------------
     0 | D:1      | CageOfCrows the Minotaur Berserker began the quest for the
                  | Orb.
     0 | D:1      | Reached XP level 1. HP: 19/19 MP: 0/0
   196 | D:1      | Reached XP level 2. HP: 25/27 MP: 1/1
   388 | D:1      | Reached skill level 4 in Long Blades
   631 | D:1      | Reached ** piety under Trog
   655 | D:1      | Reached XP level 3. HP: 28/33 MP: 2/2
  1062 | D:2      | Noticed Robin
  1469 | D:3      | Reached XP level 4. HP: 35/41 MP: 3/3
  1832 | D:3      | Found a shimmering blue altar of Sif Muna.
  2266 | D:4      | Noticed Natasha
  2274 | D:4      | Killed Natasha
  2290 | D:4      | Noticed Natasha
  2293 | D:4      | Killed Natasha
  2293 | D:4      | Reached skill level 5 in Long Blades
  2293 | D:4      | Reached skill level 1 in Stealth
  2308 | D:4      | Reached XP level 5. HP: 35/47 MP: 4/4
  2401 | D:4      | Noticed an ogre
  2404 | D:4      | Killed an ogre
  2433 | D:4      | Noticed Natasha
  2440 | D:4      | Killed Natasha
  2440 | D:4      | Reached XP level 6. HP: 48/55 MP: 5/5
  2457 | D:4      | Reached skill level 5 in Fighting
  2457 | D:4      | Reached skill level 6 in Long Blades
  2544 | D:4      | Noticed Eustachio
  2550 | D:4      | Killed Eustachio
  2658 | D:4      | Reached XP level 7. HP: 61/61 MP: 6/6
  2829 | D:4      | Reached skill level 7 in Long Blades
  3099 | D:4      | Noticed Dowan
  3100 | D:4      | Noticed Duvessa
  3110 | D:4      | Killed Duvessa
  3111 | D:4      | Killed Dowan
  3423 | D:5      | Entered Level 5 of the Dungeon
  3528 | D:5      | Reached skill level 8 in Long Blades
  3528 | D:5      | Reached skill level 5 in Armour
  3531 | D:5      | Found a staircase to the Ecumenical Temple.
  3579 | D:5      | Reached XP level 8. HP: 49/70 MP: 7/7
  3700 | Temple   | Entered the Ecumenical Temple
  4001 | D:5      | Reached *** piety under Trog
  4064 | D:5      | Found a radiant altar of Vehumet.
  4805 | D:6      | Reached skill level 9 in Long Blades
  4819 | D:6      | Found Imott's Gadget Shop.
  4827 | D:6      | Bought a wand of polymorph (5) for 91 gold pieces
  4836 | D:6      | Found Ihegeuh's Weapon Boutique.
  4855 | D:6      | Found Maqinopn's Jewellery Emporium.
  4873 | D:6      | Found Rasi's Assorted Antiques.
  4919 | D:6      | Slain by an orc warrior

Illustrated notes

Levels and vault maps discovered:
D:1:      dpeg_arrival_brainrot, layout_basic
D:2:      layout_basic, okawaru_ov_weapons_minmay, uniq_robin
D:3:      layout_loops_ring, led_sif_pool
D:4:      layout_cave_pods, first_ration, uniq_natasha, uniq_eustachio,
          uniq_duvessa
D:5:      layout_cave_pods, vehumet_altar_wand_db,
          minmay_temple_entry_junction_2
D:6:      nicolae_whirlpool, layout_basic, serial_shops, shop, shop,
          nicolae_shop_statue_plus, shop, kennysheep_little_box,
          chequers_mini_garden, minmay_increasing_density
Temple:   kilobyte_greek_temple

Skill      XL: |  1  2  3  4  5  6  7  8 |
---------------+-------------------------+-----
Fighting       | 4 5 6 |  6.3
Long Blades    | 4 5 6 8 9 |  9.2
Dodging        | 3 4 |  4.4
Armour         | 3 4 5 6 |  6.3
Stealth        | 1 |  1.9

Action                   |  1- 3 |  4- 6 |  7- 9 || total
-------------------------+-------+-------+-------++-------
Melee: Falchion          |    76 |    45 |   111 ||   232
       Headbutt          |    16 |    17 |    33 ||    66
Invok: Berserk           |     1 |     6 |     8 ||    15
       Trog's Hand       |     1 |       |     2 ||     3
  Use: Scroll            |     3 |       |       ||     3
  Eat: Chunk             |     3 |     8 |     9 ||    20
       Ration            |       |       |     2 ||     2
Armor: Animal skin       |    13 |       |       ||    13
       Leather armour    |    12 |     2 |       ||    14
       Ring mail         |       |     8 |     1 ||     9
       Chain mail        |       |       |    61 ||    61
Dodge: Dodged            |    65 |    29 |    59 ||   153
       Rpst.: Falchion   |    15 |     7 |    17 ||    39
